 Dungeon Crawl Stone Soup version 0.27.1-3-gb3d3a73c9e (webtiles) character file.

Game seed: 959833241038910013

42 raph the Chiller (level 3, 0/19 HPs)
             Began as a Deep Elf Ice Elementalist on Oct 6, 2021.
             Slain by Terence (5 damage)
             ... on level 2 of the Dungeon.
             The game lasted 00:02:42 (1416 turns).

raph the Chiller (Deep Elf Ice Elementalist)        Turns: 1416, Time: 00:02:42

Health: 0/19       AC:  2    Str:  5    XL:     3   Next: 35%
Magic:  4/10       EV: 13    Int: 20    God:
Gold:   48         SH:  0    Dex: 15    Spells: 0/9 levels left

rFire    . . .     SeeInvis .   i - +0 dagger
rCold    . . .     Faith    .   (no shield)
rNeg     . . .     Spirit   .   a - +0 robe
rPois    .         Reflect  .   (no helmet)
rElec    .         Harm     .   (no cloak)
rCorr    .         Rampage  .   (no gloves)
Will     .....                  (no boots)
Stlth    ++........             (no amulet)
HPRegen  0.06/turn              n - +4 ring of slaying
MPRegen  0.12/turn              (no ring)

@: freezing walls, very slightly contaminated
A: no striking features
a: no special abilities


You were on level 2 of the Dungeon.
You visited 1 branch of the dungeon, and saw 2 of its levels.

You collected 48 gold pieces.

Inventory:

Hand Weapons
 b - a +0 whip
 i - a +0 dagger (weapon)
Missiles
 c - 31 poisoned darts
Armour
 a - a +0 robe (worn)
Jewellery
 m - an amulet of faith
 n - a +4 ring of slaying (left hand)
Scrolls
 d - 2 scrolls of fog {unknown}
 e - 2 scrolls of enchant weapon {unknown}
 j - a scroll of identify {unknown}
 k - a scroll of blinking {unknown}
 l - a scroll of noise {unknown}
 o - a scroll of vulnerability {unknown}
Potions
 f - a potion of brilliance {unknown}
 g - a potion of might {unknown}
 h - 2 potions of cancellation {unknown}


   Skills:
 + Level 3.0 Dodging
 + Level 3.1 Stealth
 + Level 3.5 Spellcasting
 * Level 4.9 Ice Magic


You couldn't memorise any spells.
You knew the following spells:

 Your Spells              Type           Power      Damage    Failure   Level
a - Freeze                Ice            92%        1d10      1%          1
b - Frozen Ramparts       Ice            46%        1d6       5%          3
c - Ozocubu's Armour      Ice            23%        N/A       5%          3
d - Passwall              Tmut/Erth      2%         N/A       21%         2

Your spell library contained the following spells:

 Spells                   Type           Power      Damage    Failure   Level
 Swiftness                Air            3%         N/A       38%         3
 Hailstorm                Conj/Ice       13%        3d5       43%         4
 Invisibility             Hex            1%         N/A       100%        6


Dungeon Overview and Level Annotations

Branches:
Dungeon (2/15)

Altars:

Annotations:
D:2 Terence


Message History

You kill the ball python!
You start resting.
Magic restored.
HP restored.
Found a glowing copper amulet.
m - an amulet of faith
Found a granite ring.
Found a scroll labelled IZINLUMUIM.
A quokka comes into view.
You see here a +4 ring of slaying.
n - a +4 ring of slaying
n - a +4 ring of slaying (left hand)
The quokka barely misses you.
You puncture the quokka!
You kill the quokka!
o - a scroll labelled IZINLUMUIM
Found a stone staircase leading down.
Terence the Incautious comes into view.
He is wielding a +0 short sword and wearing a +1 chain mail of poison resistance.
Terence shouts!
Casting: Freeze (safe; 1% risk of failure)
Confirm with . or Enter, or press ? or * to list all spells.
Casting: Frozen Ramparts (quite dangerous; 5% risk of failure)
Press: ? - help, Dir - look around, f - activate You miscast Frozen Ramparts.
You are very lightly contaminated with residual magic.
Nothing appears to happen.
Casting: Frozen Ramparts (quite dangerous; 5% risk of failure)
Confirm with . or Enter, or press ? or * to list all spells.
Casting: Frozen Ramparts (quite dangerous; 5% risk of failure)
Press: ? - help, Dir - look around, f - activate The walls around you are covered in ice.
The wall freezes Terence.
Terence hits you with a +0 short sword!
You hit Terence but do no damage.
Terence is lightly wounded.
The wall freezes Terence.
Terence hits you with a +0 short sword.
* * * LOW HITPOINT WARNING * * *
You hit Terence but do no damage.
Terence is heavily wounded.
The wall freezes Terence.
Terence hits you with a +0 short sword.
You die...

###### #....# #....# #....#
#....# #########....#
##############............#
#...........@@.#######....#
###.>........##### #....#
#............# #....#
##.........# ###.##
...#..........# #.#
..............# #.#
.......######## #.# .......
#.# .###... #.#


You could see Terence.

Vanquished Creatures
  An adder (D:2)
  2 dart slugs (D:1)
  3 bats (D:1)
  4 endoplasms (D:1)
  2 giant cockroaches (D:1)
  2 goblins
  4 hobgoblins
  4 kobolds (D:1)
  A quokka (D:2)
  2 ball pythons
  A frilled lizard (D:1)
  A rat (D:1)
27 creatures vanquished.

Notes
Turn   | Place    | Note
-------+----------+-------------------------------------------
     0 | D:1      | raph the Deep Elf Ice Elementalist began the quest for the
                  | Orb.
     0 | D:1      | Reached XP level 1. HP: 10/10 MP: 6/6
   178 | D:1      | Reached XP level 2. HP: 14/15 MP: 6/8
   818 | D:1      | Noticed an eye of devastation
   820 | D:1      | Found a faded altar of an unknown god.
   823 | D:1      | Noticed a golden eye
   823 | D:1      | Noticed a great orb of eyes
   823 | D:1      | Noticed a floating eye
  1195 | D:2      | Reached XP level 3. HP: 19/19 MP: 7/9
  1199 | D:2      | Learned a level 3 spell: Frozen Ramparts
  1203 | D:2      | Learned a level 3 spell: Ozocubu's Armour
  1297 | D:2      | Learned a level 2 spell: Passwall
  1399 | D:2      | Noticed Terence
  1416 | D:2      | Slain by Terence

Illustrated notes

Levels and vault maps discovered:
D:1:      minmay_arrival_four_houses, layout_rooms,
          hellmonk_ecumenical_altar_watching_god, minivault_25
D:2:      layout_rooms, uniq_terence

Skill      XL: |  1  2  3 |
---------------+----------+-----
Stealth        | 3 |  3.1
Dodging        | 3 |  3.0
Spellcasting   | |  3.5
Ice Magic      | |  4.9

Action                   || total
-------------------------++-------
Melee: Unarmed           ||     1
       Whip              ||     7
       Dagger            ||     6
 Cast: Freeze            ||    36
       Frozen Ramparts   ||     1
 Stab: Sleeping          ||     2
Armor: Robe              ||    11
Dodge: Dodged            ||    34
